AoeStats
← JGwentworth92

Arabia

509703149Analyzed
1v1 RM · 5d ago on Sep 27, 2026· 42m 21s· 2 players
Game mode
Random Map
Map size
Tiny (2 player)
Population
200
Speed
Normal
Resources
Standard
Victory
Conquest
Starting age
Dark Age
Ending age
Imperial Age
RankedLock teamsTeams togetherTeam positionsShared explorationLock speedFull tech treeHidden civsTurbo modeCheats
Victory
Defeat
🇺🇸 Byzantines · United States
901
+16
🇱🇻 Mongols · Latvia
904
-16
JGwentworth92
3:44 Loom
12:34 Feudal Age
12:44 Man-at-Arms
15:52 Double-Bit Axe
20:19 Forging
21:04 Scale Mail Armor
25:08 Castle Age
24:59 Wheelbarrow
24:28 Stone Mining
25:38 Fletching
25:49 Padded Archer Armor
25:42 Elite Skirmisher
26:26 Squires
26:14 Pikeman
27:42 Iron Casting
28:25 Hand Cart
32:17 Leather Archer Armor
31:58 Bodkin Arrow
Veloceraptor
9:05 Feudal Age
9:45 Double-Bit Axe
10:20 Loom
10:16 Man-at-Arms
13:18 Horse Collar
16:33 Forging
16:28 Scale Barding Armor
16:23 Loom
17:14 Wheelbarrow
19:13 Bloodlines
25:06 Castle Age
23:04 Fletching
23:15 Padded Archer Armor
23:11 Gold Mining
23:15 Town Watch
25:42 Bodkin Arrow
25:56 Thumb Ring
26:19 Bow Saw
25:39 Long Swordsman
26:20 Squires
26:41 Husbandry
33:43 Iron Casting
34:21 Leather Archer Armor
Connection lost

Rejoining the realm…

Still unreachable

The connection could not be restored.

Session expired

The server has moved on; the page needs a fresh start.